 Dungeon Crawl Stone Soup version 0.29.1-debian-4-g95531337e3 (webtiles) character file.

Game seed: 8594863965551307373

235208 mojasp the Imperceptible (level 19, -5/123 (138) HPs)
             Began as a Kobold Brigand on Sept 13, 2022.
             Was the Champion of Ru.
             Killed from afar by Domopa the Cloud Mage (29 damage)
             ... with a vortex
             ... in a wizard's laboratory.
             The game lasted 01:27:08 (41497 turns).

mojasp the Imperceptible (Kobold Brigand)          Turns: 41497, Time: 01:27:09

HP:   -5/123 (138)  AC: 14    Str:  9    XL:     19   Next: 92%
MP:   23/28         EV: 28    Int: 16    God:    Ru [******]
Gold: 2052          SH:  0    Dex: 26    Spells: 18/18 levels left

rFire   . . .      SeeInvis .   o - +8 dagger "Nuink" {freeze, rN+ MP+9 Int+3}
rCold   . . .      Faith    .   (shield unavailable)
rNeg    + . .      Spirit   .   x - +2 ring mail {Will+}
rPois   +          Reflect  .   T - +0 hat {Stlth+}
rElec   +          Harm     .   I - +0 cloak of the Known World {Regen+ rCorr}
rCorr   +          Rampage  .   C - +0 pair of gloves {Dex+3}
Will    ++...                   S - +2 pair of boots
Stlth   ++++++++++              O - amulet of the Slug {Regen+ Str+2}
HPRegen 1.90/turn               (ring unavailable)
MPRegen 0.21/turn               B - ring "Siddegeu" {rElec rPois Slay+2}

@: exhausted, flying (expiring), studying Earth Magic, heavily drained, unable
to read
A: small, no large weapons, nightstalker 3, inability to read after injury 2,
missing a hand, hated by all, inability to train armour, claws 1, iridescent
scales 1, weak 1, subdued magic 1
}: 2/15 runes: barnacled, gossamer
a: Renounce Religion, Draw Out Power, Power Leap, Apocalypse


You were in a wizard's laboratory.
You worshipped Ru.
Ru was exalted by your worship.
You visited 7 branches of the dungeon, and saw 32 of its levels.
You also visited: Wizlab.

You collected 2831 gold pieces.
You spent 779 gold pieces at shops.

Inventory:

Hand Weapons
 a - a +2 vorpal dagger
 o - the +8 dagger "Nuink" (weapon) {freeze, rN+ MP+9 Int+3}
   (You found it on level 2 of the Dungeon)

   It freezes those it strikes, dealing additional cold damage.
   It can also slow down cold-blooded creatures.
   Int:       It affects your intelligence (+3).
   rN:        It protects you from negative energy.
   MP:        It affects your magic capacity (+9).
 F - a +4 scimitar of flaming
Missiles
 d - 45 poisoned darts
 e - 5 curare-tipped darts
 j - 6 throwing nets (quivered)
 q - 5 datura-tipped darts
Armour
 x - a +2 ring mail of willpower (worn)
 C - a +0 pair of gloves of dexterity (worn)
 I - the +0 cloak of the Known World (worn) {Regen+ rCorr}
   (You bought it in a shop on level 2 of the Orcish Mines)

   Regen:     It increases your rate of health regeneration.
   rCorr:     It protects you from acid and corrosion.
 M - the +1 helmet of Kustroum {rPois rC- rN+}
   (You found it on level 3 of the Spider Nest)

   rC:        It makes you vulnerable to cold.
   rPois:     It protects you from poison.
   rN:        It protects you from negative energy.
 S - a +2 pair of boots (worn)
 T - a +0 hat of stealth (worn)
Jewellery
 B - the ring "Siddegeu" (right hand) {rElec rPois Slay+2}
   (You found it on level 5 of the Lair of Beasts)

   [ring of poison resistance]

   Slay:      It affects your accuracy & damage with ranged weapons and melee
   (+2).
   rElec:     It insulates you from electricity.
   rPois:     It protects you from poison.
 H - a ring of fire
 O - the amulet of the Slug (around neck) {Regen+ Str+2}
   (You found it on level 11 of the Dungeon)

   [amulet of regeneration]

   Str:       It affects your strength (+2).
   Regen:     It increases your rate of health regeneration.
 U - the ring of the Archfiend {rN+++ Will++ MP+9 Str+3 Stlth-}
   (You found it on level 4 of the Lair of Beasts)

   [ring of magical power]

   Str:       It affects your strength (+3).
   rN:        It renders you almost immune to negative energy.
   MP:        It affects your magic capacity (+9).
   Will:      It greatly increases your willpower.
   Stlth:     It makes you less stealthy.
Wands
 u - a wand of flame (4)
 y - a wand of polymorph (7)
 Q - a wand of quicksilver (17)
 Z - a wand of digging (4)
Scrolls
 h - 11 scrolls of identify
 r - a scroll of fog
 t - a scroll of magic mapping
 z - 15 scrolls of teleportation
 A - 3 scrolls of fear
 D - a scroll of torment
 J - 6 scrolls of enchant weapon
 L - 4 scrolls of brand weapon
 P - 4 scrolls of enchant armour
 R - 3 scrolls of immolation
 V - 2 scrolls of blinking
 W - 4 scrolls of poison
 X - 3 scrolls of silence
 Y - 2 scrolls of amnesia
Potions
 c - 6 potions of might
 f - 3 potions of attraction
 i - 3 potions of heal wounds
 k - 6 potions of lignification
 l - 8 potions of curing
 m - 13 potions of flight
 n - 4 potions of cancellation
 p - 6 potions of haste
 s - 5 potions of mutation
 v - 5 potions of ambrosia
 w - 6 potions of resistance
 G - 2 potions of magic
 N - 2 potions of berserk rage
Miscellaneous
 b - a condenser vane (inert)
 K - a piece from Xom's chessboard (15/15)


   Skills:
 + Level 21.6 Fighting
 - Level 10.0(10.6) Short Blades
 - Level 3.4(5.3) Long Blades
 * Level 8.1 Throwing
 + Level 18.2 Dodging
 + Level 21.7 Stealth
 + Level 16.9 Evocations


You had 18 spell levels left.
You didn't know any spells.
Your spell library contained the following spells:

 Spells                   Type           Power      Damage    Failure   Level
 Apportation              Tloc           0%         N/A       52%         1
 Foxfire                  Conj/Fire      0%         2x1d4     52%         1
 Necrotise                Necr           0%         1d4       52%         1
 Sandblast                Erth           0%         2d4       52%         1
 Sting                    Tmut/Pois      0%         1d3       52%         1
 Blink                    Tloc           0%         N/A       67%         2
 Passwall                 Tmut/Erth      0%         N/A       67%         2
 Poisonous Vapours        Pois/Air       0%         N/A       67%         2
 Static Discharge         Conj/Air       0%         3-3/arc   67%         2
 Sublimation of Blood     Necr           0%         N/A       67%         2
 Wereblood                Tmut           0%         N/A       67%         2
 Dazzling Flash           Conj/Hex       0%         N/A       89%         3
 Ignite Poison            Fire/Tmut/Pois 0%         N/A       89%         3
 Inner Flame              Hex/Fire       0%         N/A       89%         3
 Kindle Blastsparks       Fire/Tloc/Air  0%         2d10      89%         3
 Ozocubu's Armour         Ice            0%         N/A       89%         3
 Stone Arrow              Conj/Erth      0%         3d7       89%         3
 Airstrike                Air            0%         2d(0-16)  100%        4
 Dispel Undead            Necr           0%         3d6       100%        4
 Flame Wave               Conj/Fire      0%         2d4       100%        4
 Iskenderun's Mystic Bla  Conj/Tloc      0%         2d3       100%        4
 Manifold Assault         Tloc           0%         N/A       100%        4
 Olgreb's Toxic Radiance  Pois           0%         N/A       100%        4
 Sticky Flame             Conj/Fire      0%         2d3       100%        4
 Lightning Bolt           Conj/Air       0%         1d11      100%        5
 Starburst                Conj/Fire      0%         6d3       100%        6
 Ozocubu's Refrigeration  Ice            0%         4d7       100%        7
 Storm Form               Tmut/Air       0%         N/A       100%        7
 Summon Small Mammal      Summ           Unusable   N/A       N/A         1
 Summon Lightning Spire   Summ/Air       Unusable   N/A       N/A         4
 Summon Hydra             Summ           Unusable   N/A       N/A         7

Dungeon Overview and Level Annotations

Branches:
Dungeon (15/15)            Temple (1/1) D:6            Lair (5/5) D:10
 Shoals (4/4) Lair:3       Spider (4/4) Lair:2        Slime (0/5) Lair:5
    Orc (2/2) D:10            Elf (0/3) Orc:2        Vaults (1/5) D:14
 Depths (0/4) D:15         WizLab (1/1)

Altars:
Ashenzari
Cheibriados
Dithmenos
Elyvilon
Gozag
Kikubaaqudgha
Makhleb
Nemelex Xobeh
Okawaru
Qazlal
Ru
Sif Muna
Trog
Uskayaw
Vehumet
Wu Jian
Xom
Zin
The Shining One
Lugonu

Shops:
D:2 !   D:5 *   D:13 !!!   Orc:2 [!!?   Shoals:2 *   Shoals:3 ?

Portals:
Abyss: Lair:5

Annotations:
D:15 1 runed translucent door
Spider:1 3 runed translucent doors, Smoky173's ghost, journeyman TeMo
Spider:2 3 runed translucent doors, Nattfarinn's ghost, adept DsVM
Orc:1 1 runed translucent door
Orc:2 1 transporter, Plasmagod's ghost, journeyman HOMo


Innate Abilities, Weirdness & Mutations

You are small and have problems with some larger weapons.
You are completely attuned to the shadows.
You sometimes lose the ability to read scrolls when taking damage.
You are missing a hand.
You are hated by all.
You cannot train Armour skill.
You have sharp fingernails.
You are partially covered in iridescent scales. (AC +2)
You are weak. (Str -2)
Your spells are a little easier to cast, but a little less powerful.


Message History

Press: ? - help, v - describe, . - travel
Here: Domopa the Cloud Mage, wielding a staff of air and wearing the +3 robe of Clouds {*Thunder rCloud rElec} The damp floor.
Okay, then.
Clouds of flame condense around you!
The condenser dries out!
The blizzard demon is engulfed in blazing flames.
The blizzard demon waves its arms in wide circles.
The air twists around and strikes you!!
* * * LOW HITPOINT WARNING * * *
Press: ? - help, v - describe, . - travel, g - get item
Here: Domopa the Cloud Mage, wielding a staff of air and wearing the +3 robe of Clouds {*Thunder rCloud rElec} (flame) Item here: a +0 robe.
The damp floor.
You feel much better.
The blizzard demon is engulfed in blazing flames.
The blizzard demon barely misses you.
The blizzard demon completely misses you.
Domopa casts a spell.
A freezing vortex appears around Domopa!
Okay, then.
Unknown command.
Throw: 7 throwing nets
Press: ? - help, Q - select action, (/) - cycle Shift-Dir - straight line, f - Domopa
Aim: Domopa the Cloud Mage, wielding a staff of air and wearing the +3 robe of Clouds {*Thunder rCloud rElec} (flame, surrounded by a freezing vortex, 70% to hit)
You throw a throwing net. The throwing net hits Domopa.
Domopa is caught in the net!
The freezing vortex lifts you up.
You fly up into the air.
* * * LOW HITPOINT WARNING * * *
The blizzard demon is engulfed in blazing flames.
The blizzard demon gestures at you. The bolt of lightning misses you.
Domopa waves their arms in wide circles.
The air twists around and strikes you!!
* * * LOW HITPOINT WARNING * * *
Domopa struggles against the net.
Okay, then.
You feel much better.
You are engulfed in blazing flames.
* * * LOW HITPOINT WARNING * * *
The blizzard demon dies!
You die...

≈~≈≈ ##≈~ ≈≈#..~≈~≈≈# # ###
≈≈##.≈≈≈≈≈≈##..#..#.. #
≈≈#..≈≈≈≈≈≈#§§§§§§§§§
≈##.~≈≈≈≈≈~#§§§§§§§§§
≈#..~~~~~~~#.§§§§§§§§
≈#.†.......'..§§§@§§.
≈#..~~~~~~~#..§§@§§§§
≈##.~~≈≈≈≈≈#.§.§§§§§§
≈≈#..~≈≈≈≈≈#§§§§§§§§§
≈≈##.~~≈≈≈≈##..#..#.. #
≈≈≈#○§~~~≈≈########## ###
≈≈≈##...~~~####################≈≈
≈≈§≈###...~~~~~~≈≈~~~≈~≈~~~~≈~~~~
≈≈§§§§###........................
≈≈≈§§§§#########################


You could see Domopa the Cloud Mage (vortex, caught).

Vanquished Creatures
  Rupert (D:14)
  Jorgrun (D:14)
  Kirke (D:13)
  3 ghost moths (Spider:4)
  7 emperor scorpions
  3 broodmothers
  4 entropy weavers
  3 spark wasps
  Snorg (D:11)
  11 merfolk impalers
  2 yaktaur captains (D:15)
  2 blizzard demons (WizLab)
  6 merfolk javelineers
  2 fire dragons (D:15)
  Josephine (D:10)
  2 vault guards (D:14)
  A great orb of eyes (shapeshifter) (D:15)
  The ghost of fly the Carver, a journeyman DgDe (D:11)
  Erolcha (D:9)
  7 ghost crabs (WizLab)
  7 hydras
  5 spriggan air magi (WizLab)
  A death knight (D:15)
  An ogre mage (D:15)
  3 merfolk aquamancers
  Erica (D:8)
  6 centaur warriors
  6 merfolk avatars
  6 boulder beetles
  A satyr (Shoals:3)
  5 radroaches
  9 two-headed ogres
  2 tengu warriors (D:13)
  5 death yaks (Lair:4)
  A thrashing horror (Lair:5)
  A shock serpent (WizLab)
  3 orc high priests
  Urug (Orc:2)
  Nergalle (D:10)
  Sonja (D:11)
  5 pharaoh ants
  A sun moth (Spider:3)
  Lodul (D:14)
  13 sea snakes
  3 steelbarb worms
  3 death drakes (WizLab)
  12 orb spiders
  2 wizards (D:14)
  22 harpies
  4 deep elf pyromancers
  2 necromancers (D:14)
  6 orc knights
  12 ugly things
  4 orc sorcerers
  11 fauns
  6 cyclopes
  13 wolf spiders
  17 manticores
  A cyclops (shapeshifter) (D:14)
  4 moths of wrath
  12 slime creatures
  Joseph (D:8)
  9 elephants (Lair:2)
  12 water nymphs
  6 black mambas
  3 apocalypse crabs (WizLab)
  5 merfolk sirens
  A gargoyle (D:13)
  4 torpor snails
  3 smoke demons (Lair:5)
  A rime drake (shapeshifter) (Lair:5)
  7 cane toads
  7 demonic crawlers
  Psyche (D:9)
  A yaktaur (shapeshifter) (D:14)
  2 rime drakes
  9 komodo dragons
  5 yaktaurs (D:15)
  A freezing wraith (D:14)
  26 merfolk
  An ancient zyme (Lair:5)
  A troll (D:13)
  A hornet (D:14)
  6 meliai
  Prince Ribbit (D:8)
  30 tarantellas
  30 blink frogs
  10 wind drakes
  9 dream sheep
  5 snapping turtles
  26 culicivoras
  22 jumping spiders
  12 wraiths
  4 shadows
  6 air elementals (WizLab)
  13 yaks
  3 wyverns
  11 water elementals
  9 basilisks
  21 humans
  A yak (shapeshifter) (Lair:5)
  Grum (D:11)
  2 chaos spawn (Lair:5)
  4 hogs (D:13)
  62 redbacks
  2 steam dragons
  5 vampire mosquitoes
  A large abomination (Lair:5)
  A warg (Orc:2)
  Edmund (D:4)
  3 acid dragons
  Duvessa (D:7)
  18 orc warriors
  10 water moccasins
  An ice beast (D:8)
  A sky beast (D:6)
  13 ogres
  2 black bears
  15 small abominations (Lair:5)
  4 centaurs
  20 wolves
  3 phantoms
  A kobold brigand (D:7)
  A gnoll sergeant (D:9)
  9 bullfrogs
  2 necrophages
  2 scorpions
  12 wights
  Dowan (D:7)
  A troll zombie (D:10)
  7 howler monkeys
  7 electric eels
  3 hounds
  14 orc priests
  2 jellies
  2 gnoll boudas
  Ijyb (D:3)
  Terence (D:3)
  An iguana (D:5)
  21 orc wizards
  7 ogre zombies (D:10)
  14 gnolls
  A river rat (D:4)
  18 adders
  A shadow imp (D:7)
  2 white imps
  An ufetubus (D:7)
  5 worms (D:4)
  2 dart slugs
  62 orcs
  10 ball pythons
  8 endoplasms
  3 giant cockroaches
  5 goblins
  6 hobgoblins
  2 jackals (D:5)
  16 kobolds
  3 quokkas
  7 bats
  A frilled lizard (D:3)
  A goblin skeleton (D:10)
  3 goblin zombies (D:10)
  3 hobgoblin zombies (D:10)
  3 orc skeletons (D:10)
  15 orc zombies (D:10)
  6 rats
  A butterfly (D:6)
1070 creatures vanquished.

Vanquished Creatures (others)
  Frances (Spider:1)
  An emperor scorpion (Spider:4)
  A spark wasp (Spider:1)
  A blizzard demon (WizLab)
  A hydra (Lair:3)
  3 thrashing horrors (Lair:5)
  A harpy (Shoals:4)
  A faun (Shoals:3)
  An ugly thing (D:15)
  A black mamba (Lair:5)
  An apocalypse crab (WizLab)
  A demonic crawler (Spider:2)
  4 tarantellas
  A jumping spider (Spider:1)
  An air elemental (WizLab)
  2 culicivoras
  A yak (D:10)
  3 redbacks
  An orc (Orc:1)
  19 fungi
  205 plants
251 creatures vanquished.

Grand Total: 1321 creatures vanquished

Notes
Turn   | Place    | Note
-------+----------+-------------------------------------------
     0 | D:1      | mojasp the Kobold Brigand began the quest for the Orb.
     0 | D:1      | Reached XP level 1. HP: 12/12 MP: 1/1
   139 | D:1      | Reached XP level 2. HP: 11/18 MP: 2/2
   420 | D:1      | Reached XP level 3. HP: 22/22 MP: 3/3
   901 | D:2      | Identified the +8 dagger "Nuink" {freeze, rN+ MP+9 Int+3}
  1188 | D:2      | Reached XP level 4. HP: 28/28 MP: 4/4
  1408 | D:2      | Found Aledoano's Distillery.
  1514 | D:3      | You fall into a shaft and drop 1 floor!
  1624 | D:4      | Noticed Edmund
  1661 | D:3      | Reached XP level 5. HP: 30/33 MP: 5/5
  1664 | D:3      | Noticed Terence
  1677 | D:3      | Killed Terence
  1800 | D:3      | Noticed Ijyb
  1810 | D:3      | Killed Ijyb
  2311 | D:3      | Found an iron altar of Okawaru.
  2440 | D:3      | Found a shimmering blue altar of Sif Muna.
  2440 | D:3      | Noticed a black bear
  2449 | D:3      | Killed a black bear
  2450 | D:3      | Reached XP level 6. HP: 35/39 MP: 6/6
  2753 | D:4      | Killed Edmund
  2754 | D:4      | Reached skill level 5 in Fighting
  2754 | D:4      | Reached XP level 7. HP: 5/44 MP: 7/7
  4011 | D:4      | Reached skill level 5 in Short Blades
  4651 | D:5      | Entered Level 5 of the Dungeon
  4671 | D:5      | Identified the ring "Tefezah" {Drain rCorr MP+9 Int+4}
  4753 | D:5      | Reached XP level 8. HP: 19/51 MP: 8/8
  5173 | D:5      | Found Qoelyast's Assorted Antiques.
  5848 | D:6      | Noticed a wyvern
  5852 | D:6      | Killed a wyvern
  5853 | D:6      | Reached skill level 5 in Dodging
  5866 | D:6      | Found a staircase to the Ecumenical Temple.
  5882 | Temple   | Entered the Ecumenical Temple
  6216 | Temple   | Became a worshipper of Ru the Awakened
  7102 | D:6      | Reached XP level 9. HP: 57/57 MP: 9/9
  8060 | D:7      | Gained mutation: You cannot train Armour skill. [Ru
                  | sacrifice]
  8060 | D:7      | Reached * piety under Ru
  8129 | D:7      | Noticed Duvessa
  8133 | D:7      | Noticed Dowan
  8136 | D:7      | Killed Duvessa
  8139 | D:7      | Killed Dowan
  9325 | D:8      | Reached XP level 10. HP: 35/66 MP: 10/10
  9523 | D:8      | Noticed a two-headed ogre
  9540 | D:8      | Reached skill level 10 in Stealth
  9558 | D:8      | Noticed Joseph
 10013 | D:8      | Identified the +10 falchion "Urelia" {venom, *Noise rElec
                  | rN+ Will+}
 10417 | D:9      | Reached skill level 1 in Evocations
 10423 | D:9      | Noticed Psyche
 10911 | D:9      | Noticed Erolcha
 10915 | D:9      | Killed Erolcha
 10916 | D:9      | Reached skill level 10 in Fighting
 10971 | D:9      | Killed Psyche
 11111 | D:9      | Noticed a two-headed ogre
 11113 | D:9      | Killed a two-headed ogre
 11414 | D:9      | Reached skill level 10 in Short Blades
 11522 | D:10     | Entered Level 10 of the Dungeon
 11585 | D:10     | Reached XP level 11. HP: 66/73 MP: 11/11
 11594 | D:10     | Gained mutation: You are hated by all. [Ru sacrifice]
 11594 | D:10     | Reached ** piety under Ru
 11594 | D:10     | Reached *** piety under Ru
 11648 | D:10     | Found an ornate altar of the Wu Jian Council.
 11664 | D:10     | Noticed Josephine
 11671 | D:10     | Killed Josephine
 11770 | D:10     | Noticed Nergalle
 11784 | D:10     | Killed Nergalle
 11786 | D:10     | Reached skill level 5 in Evocations
 12236 | D:10     | Found a staircase to the Orcish Mines.
 12631 | D:10     | Noticed a cyclops
 12645 | D:10     | Killed a cyclops
 12781 | D:10     | Found a staircase to the Lair.
 13298 | D:11     | Found a shadowy altar of Dithmenos.
 13479 | D:11     | Noticed Snorg
 13482 | D:11     | Found a runed translucent door.
 13483 | D:11     | Killed Snorg
 13484 | D:11     | Reached XP level 12. HP: 82/82 MP: 12/12
 13484 | D:11     | Noticed fly's ghost (journeyman DgDe)
 13512 | D:11     | Noticed a two-headed ogre
 13516 | D:11     | Killed a two-headed ogre
 13612 | D:11     | Identified the amulet of the Slug {Regen+ Str+2}
 13631 | D:11     | Noticed Grum
 13660 | D:11     | Killed Grum
 13803 | D:11     | Gained mutation: You occasionally lose the ability to read
                  | scrolls when taking damage. [Ru sacrifice]
 13803 | D:11     | Gained mutation: You sometimes lose the ability to read
                  | scrolls when taking damage. [Ru sacrifice]
 13803 | D:11     | Reached **** piety under Ru
 13805 | D:11     | Noticed Sonja
 13833 | D:11     | Reached skill level 10 in Dodging
 14020 | D:11     | Killed Sonja
 14276 | D:12     | Noticed a two-headed ogre
 14278 | D:12     | Killed a two-headed ogre
 15151 | Lair:1   | Entered Level 1 of the Lair of Beasts
 15809 | Lair:2   | Reached XP level 13. HP: 85/90 MP: 13/13
 16099 | Lair:2   | Found a hole to the Spider Nest.
 16557 | Lair:2   | Gained mutation: You are missing a hand. [Ru sacrifice]
 16557 | Lair:2   | Reached ***** piety under Ru
 16557 | Lair:2   | Reached ****** piety under Ru
 16839 | Lair:2   | Reached skill level 15 in Fighting
 16910 | Lair:2   | You fall into a shaft and drop 2 floors!
 17611 | Lair:3   | Found a staircase to the Shoals.
 17633 | Lair:3   | Noticed an eight-headed hydra
 17637 | Lair:3   | Killed an eight-headed hydra
 17951 | Lair:3   | Noticed an eight-headed hydra
 17956 | Lair:3   | Killed an eight-headed hydra
 18278 | Lair:4   | Reached skill level 15 in Stealth
 18360 | Lair:4   | Reached XP level 14. HP: 88/98 MP: 14/14
 18642 | Lair:4   | Identified the ring of the Archfiend {rN+++ Will++ MP+9
                  | Str+3 Stlth-}
 18785 | Lair:4   | Reached skill level 10 in Evocations
 19565 | Lair:5   | Entered Level 5 of the Lair of Beasts
 20424 | Lair:5   | Found a staircase to the Slime Pits.
 21369 | Lair:5   | Found a corrupted altar of Lugonu.
 21371 | Lair:5   | Found a one-way gate to the infinite horrors of the Abyss.
 21381 | Lair:5   | Identified the ring "Siddegeu" {rElec rPois Slay+2}
 22001 | D:8      | Noticed Prince Ribbit
 22005 | D:8      | Killed Prince Ribbit
 22051 | D:8      | Killed Joseph
 22084 | D:8      | Noticed Erica
 22088 | D:8      | Killed Erica
 22468 | Orc:1    | Entered Level 1 of the Orcish Mines
 22497 | Orc:1    | Reached XP level 15. HP: 107/107 MP: 15/15
 22607 | Orc:1    | You fall into a shaft and drop 1 floor!
 22607 | Orc:2    | Entered Level 2 of the Orcish Mines
 22632 | Orc:2    | Noticed Urug
 22652 | Orc:2    | Killed Urug
 22856 | Orc:1    | Found a runed translucent door.
 23790 | Orc:2    | Found a transporter.
 23790 | Orc:2    | Noticed Plasmagod's ghost (journeyman HOMo)
 23990 | Orc:2    | Found Taohoal's Antique Armour Boutique.
 23991 | Orc:2    | Found Jofint's Distillery.
 23995 | Orc:2    | Bought a smoking cloak for 275 gold pieces
 23995 | Orc:2    | Identified the +0 cloak of the Known World {Regen+ rCorr}
                  | (You bought it in a shop on level 2 of the Orcish Mines)
 24010 | Orc:2    | Found Zaquoh's Distillery.
 24012 | Orc:2    | Found Hoaxa's Magic Scroll Boutique.
 24020 | Orc:2    | Identified a scroll of acquirement
 24024 | Orc:2    | Acquired a manual of Earth Magic
 24081 | Orc:2    | Found a staircase to the Elven Halls.
 24340 | D:11     | Killed fly's ghost
 24616 | D:13     | Noticed Kirke
 24636 | D:13     | Killed Kirke
 25094 | D:13     | Found Ceibbi's Distillery.
 25096 | D:13     | Found Joxunomm's Distillery.
 25098 | D:13     | Found Sianul's Distillery.
 25124 | D:13     | Bought a potion of resistance for 130 gold pieces
 25124 | D:13     | Bought 2 potions of might for 104 gold pieces
 25136 | D:13     | Bought 2 potions of heal wounds for 180 gold pieces
 25136 | D:13     | Bought a potion of heal wounds for 90 gold pieces
 25610 | D:14     | Noticed Rupert
 25614 | D:14     | Killed Rupert
 26138 | D:14     | Found a glowing silver altar of Zin.
 26138 | D:14     | Noticed an angel
 26166 | D:14     | Noticed Jorgrun
 26170 | D:14     | Killed Jorgrun
 26171 | D:14     | Reached XP level 16. HP: 116/116 MP: 16/16
 26449 | D:14     | Found a gate to the Vaults.
 26590 | D:14     | Noticed Lodul
 26611 | D:14     | Killed Lodul
 26800 | D:15     | Entered Level 15 of the Dungeon
 27159 | D:15     | Reached skill level 15 in Dodging
 27582 | D:15     | Found a runed translucent door.
 27589 | D:15     | Noticed a storm dragon
 27597 | D:15     | Noticed a tengu reaver
 27956 | D:15     | Found a staircase to the Depths.
 28366 | Spider:1 | Entered Level 1 of the Spider Nest
 28651 | Spider:1 | Found a runed translucent gate.
 28652 | Spider:1 | Found a runed translucent gate.
 28653 | Spider:1 | Found a runed translucent gate.
 28988 | Spider:1 | Reached XP level 17. HP: 43/118 MP: 17/17
 28991 | Spider:1 | Gained mutation: You occasionally lose the ability to drink
                  | potions when taking damage. [mutagenic glow]
 29058 | Spider:1 | Noticed Frances
 29078 | Spider:1 | Killed Frances
 29551 | Spider:1 | Noticed Smoky173's ghost (journeyman TeMo)
 29780 | Spider:1 | Lost mutation: You occasionally lose the ability to drink
                  | potions when taking damage. [potion of mutation]
 29780 | Spider:1 | Gained mutation: Your spells are a little easier to cast,
                  | but a little less powerful. [potion of mutation]
 29780 | Spider:1 | Gained mutation: You are partially covered in iridescent
                  | scales. (AC +2) [potion of mutation]
 29780 | Spider:1 | Gained mutation: You are weak. (Str -2) [potion of
                  | mutation]
 29780 | Spider:1 | Gained mutation: You have sharp fingernails. [potion of
                  | mutation]
 30362 | Spider:2 | Found a runed translucent gate.
 30362 | Spider:2 | Found a runed translucent gate.
 30363 | Spider:2 | Noticed Nattfarinn's ghost (adept DsVM)
 30364 | Spider:2 | Found a runed translucent gate.
 31573 | Spider:3 | Identified the +1 helmet of Kustroum {rPois rC- rN+}
 31735 | Spider:3 | Identified the +1 buckler of Vehumet's Indignation {+Inv}
 32280 | Spider:4 | Entered Level 4 of the Spider Nest
 32426 | Spider:4 | Reached skill level 1 in Long Blades
 32469 | Spider:4 | Reached skill level 15 in Evocations
 33774 | Spider:4 | Reached XP level 18. HP: 99/131 MP: 0/18
 33880 | Spider:3 | HP: 5/131 [poisoned by a wolf spider]
 35278 | Spider:4 | Found a hide-covered altar of Uskayaw.
 35700 | Spider:4 | Got a gossamer rune of Zot
 35870 | Shoals:1 | Entered Level 1 of the Shoals
 36707 | Shoals:2 | Found Loab's Luxury Loot.
 38362 | Shoals:3 | Reached XP level 19. HP: 105/135 MP: 19/19
 38712 | Shoals:3 | Found Jiblu's Magic Scroll Shop.
 39188 | Shoals:4 | Entered Level 4 of the Shoals
 39200 | Shoals:4 | Reached skill level 5 in Throwing
 40659 | Shoals:4 | Got a barnacled rune of Zot
 41073 | Vaults:1 | Entered Level 1 of the Vaults
 41146 | Vaults:1 | Found a magical portal.
 41152 | WizLab   | Entered The Chambers of the Cloud Mage
 41322 | WizLab   | Paralysed by an air elemental for 1 turns
 41492 | WizLab   | Noticed Domopa
 41497 | WizLab   | Killed from afar by Domopa the Cloud Mage

Illustrated notes

Levels and vault maps discovered:
D:1:      lightli_arrival_statue_moat, layout_rooms
D:2:      layout_loops_ring, serial_shops, nicolae_lakefront_shop,
          mrwooster_statue_mirror
D:3:      layout_basic, general_overflow_altar, mainiacjoe_overflow_24_doors,
          minmay_fractal_squares_5, uniq_ijyb, uniq_terence
D:4:      layout_loops_cross, lightli_sewer_entry_pipes, minivault_5,
          minmay_pentangle, uniq_edmund
D:5:      layout_loops_ring, serial_shops, kennysheep_mini_moat,
          kennysheep_another_room
D:6:      layout_gridville, minmay_temple_entry_butterflies
D:7:      kb_forest_paths, layout_loops_corners, enter_bailey_2, fountainhead,
          kennysheep_generic_room_5, uniq_duvessa
D:8:      layout_gridville, uniq_joseph, uniq_prince_ribbit1, uniq_erica
D:9:      layout_roguey, uniq_psyche, uniq_erolcha
D:10:     layout_basic, nicolae_wu_jian_wuxing_cycle, david_lair_shrubbed,
          zombieorc2_lemuel, corexii_checkpoint_a, minmay_misc_feat_room,
          kennysheep_generic_room_12, uniq_nergalle, uniq_josephine
D:11:     layout_roguey, ebering_ghost_inner_flame,
          nicolae_dithmenos_the_darkroom, uniq_snorg, uniq_grum, uniq_sonja
D:12:     layout_small_grid
D:13:     layout_irregular_city, drop_trap, nicolae_wooded_promenade, uniq_kirke
D:14:     minmay_clustersquares, layout_irregular_city,
          grunt_vaults_entry_tiered, zin_angel, uniq_jorgrun, uniq_rupert,
          uniq_lodul
D:15:     grunt_enter_depths_hoard, layout_basic, minmay_misc_feat_hallway,
          minmay_hidden_floor
Temple:   compressed_dpeg_triangle_lava_temple
Lair:1:   layout_hall_layers
Lair:2:   layout_regular_city, hellmonk_spider_entry_life_and_decay,
          grunt_megastairs_2, infiniplex_staircase_pool
Lair:3:   layout_long_grid, minmay_shoals_entry_centaurs
Lair:4:   wad_woods_pond, layout_long_grid, serial_forest,
          infiniplex_forest_lined_1, infiniplex_forest_straight_2,
          infiniplex_forest_clump_small, infiniplex_forest_fountain,
          infiniplex_forest_lined_4_way, infiniplex_forest_clump_medium,
          infiniplex_forest_end_3, infiniplex_forest_clump_curved,
          infiniplex_forest_straight_1
Lair:5:   hellmonk_lair_end_abyssal_woods, layout_gridlike,
          dpeg_slime_entry_corner
Shoals:1: layout_shoals
Shoals:2: layout_shoals, nicolae_alphabet_shops
Shoals:3: cheibrodos_shoals_baths, layout_shoals,
          nicolae_shoals_lost_giant_temple, nicolae_shoals_c_island
Shoals:4: shoals_end_hangedman, layout_shoals
Spider:1: layout_spider_delve, gammafunk_ghost_tricky_traps,
          nicolae_spider_checkerboard, uniq_frances
Spider:2: layout_spider_delve, ebering_ghost_rock_garden,
          nicolae_spider_cling_halls
Spider:3: layout_spider_delve
Spider:4: grunt_spider_rune_circles, nicolae_spider_altar_of_dancing
Orc:1:    layout_caves, basic_altar, lightli_church_of_beogh
Orc:2:    st_orc_elflike, layout_caves, gammafunk_ghost_smash, basic_altar,
          uniq_urug
Vaults:1: mu_enter_wizlab_3, grunt_vaults_hallway_short, vaults_room_semicircle,
          grunt_vaults_funnel, ontoclasm_vaults_twist, nicolae_vaults_rhombus_6,
          nicolae_vaults_asterisk, layout_vaults_omnigrid
WizLab:   wizlab_cloud

Skill      XL: |  1  2  3  4  5  6  7  8  9 10 11 12 13 14 15 16 17 18 19 |
---------------+----------------------------------------------------------+-----
Short Blades   | 3 4 5 6 8 10 | 10.0
Fighting       | 3 4 5 6 7 9 10 12 14 15 17 18 19 20 21 | 21.6
Dodging        | 2 3 4 5 7 8 9 10 12 13 14 15 16 17 18 | 18.2
Stealth        | 6 7 8 9 11 12 13 15 16 17 18 20 21 | 21.7
Evocations     | 3 6 8 9 11 12 13 15 16 | 16.9
Long Blades    | 1 3 |  3.4
Throwing       | 4 8 |  8.1

Action                   |  1- 3 |  4- 6 |  7- 9 | 10-12 | 13-15 | 16-18 | 19-21 || total
-------------------------+-------+-------+-------+-------+-------+-------+-------++-------
Melee: Dagger            |    60 |    49 |   334 |   571 |  1244 |  1837 |   557 ||  4652
       Punch             |     1 |     1 |     2 |    10 |     5 |       |       ||    19
Throw: Dart              |       |     5 |       |     5 |     2 |       |       ||    12
       Throwing net      |       |       |       |       |       |       |     1 ||     1
Invok: Sacrifice Durabil |       |       |     1 |       |       |       |       ||     1
       Sacrifice Love    |       |       |       |     1 |       |       |       ||     1
       Power Leap        |       |       |       |     2 |     3 |     1 |     1 ||     7
       Sacrifice Words   |       |       |       |     1 |       |       |       ||     1
       Apocalypse        |       |       |       |       |     5 |     9 |     4 ||    18
       Draw Out Power    |       |       |       |       |     3 |     3 |       ||     6
       Sacrifice a Hand  |       |       |       |       |     1 |       |       ||     1
Evoke: Wand              |       |       |       |     3 |     6 |    44 |    30 ||    83
       Piece from Xom's  |       |       |       |     2 |       |       |       ||     2
       Condenser vane    |       |       |       |       |     1 |     1 |     1 ||     3
  Use: Potion            |       |     2 |     3 |     2 |     1 |    12 |     2 ||    22
       Scroll            |       |       |    15 |     1 |    17 |       |     1 ||    34
 Stab: Sleeping          |    15 |     6 |    29 |    33 |    47 |    61 |    17 ||   208
       Distracted        |     1 |       |     1 |     2 |    19 |    15 |     7 ||    45
       Invisible         |       |       |       |     1 |    10 |    15 |     4 ||    30
       Paralysed         |       |       |       |       |     7 |    20 |    12 ||    39
Armor: Robe              |    14 |     6 |       |       |       |       |       ||    20
       Leather armour    |       |       |    26 |       |       |       |       ||    26
       Ring mail         |       |       |    11 |       |    24 |   330 |    79 ||   444
       Steam dragon scal |       |       |    10 |    20 |       |       |       ||    30
       Acid dragon scale |       |       |       |    23 |    70 |       |       ||    93
Dodge: Dodged            |    22 |    23 |   199 |   282 |   716 |  1392 |   424 ||  3058
